 Dungeon Crawl Stone Soup version 0.24.0-123-gd5b16e6ec5 (webtiles) character file.

Game seed: 10151598888394496550, levelgen mode: deterministic

148 Elellon the Cudgeler (level 5, -5/32 HPs)
             Began as a Gargoyle Fighter on Jan 20, 2020.
             Was an Initiate of Okawaru.
             Slain by Grinder (7 damage)
             ... on level 3 of the Dungeon.
             The game lasted 00:03:15 (2067 turns).

Elellon the Cudgeler (Gargoyle Fighter)             Turns: 2067, Time: 00:03:16

Health: -5/32      AC: 13    Str: 21    XL:     5   Next: 30%
Magic:  5/5        EV:  7    Int:  8    God:    Okawaru [......]
Gold:   83         SH:  9    Dex:  9    Spells: 4/4 levels left

rFire    . . .     SeeInvis .   a - +0 flail
rCold    . . .     Gourm    .   c - +0 shield
rNeg     + . .     Faith    .   b - +0 scale mail
rPois    ∞         Spirit   .   g - +0 helmet
rElec    +         Reflect  .   (no cloak)
rCorr    .         Harm     .   (no gloves)
MR       .....                  y - +0 pair of boots
Stlth    ..........             (no amulet)
HPRegen  0.10/turn              (no ring)
MPRegen  0.09/turn              (no ring)

@: no status effects
A: negative energy resistance 1, electricity resistance, unbreathing,
petrification resistance, rot immunity, AC +4
a: Renounce Religion


You were on level 3 of the Dungeon.
You worshipped Okawaru.
Okawaru was noncommittal.
You were not hungry.

You visited 1 branch of the dungeon, and saw 3 of its levels.

You collected 83 gold pieces.

Inventory:

Hand Weapons
 a - a +0 flail (weapon)
Armour
 b - a +0 scale mail (worn)
 c - a +0 shield (worn)
 g - a +0 helmet (worn)
 y - a +0 pair of boots (worn)
Jewellery
 p - an uncursed ring of flight {unknown}
Scrolls
 e - a scroll of noise {unknown}
 i - a scroll of blinking {unknown}
 j - a scroll of identify {unknown}
 m - a scroll of teleportation {unknown}
 n - a scroll of enchant weapon {unknown}
 o - a scroll of random uselessness {unknown}
 r - 2 scrolls of amnesia {unknown}
 t - 2 scrolls of remove curse {unknown}
 u - a scroll of immolation {unknown}
 v - a scroll of magic mapping {unknown}
 w - 4 scrolls of enchant armour {unknown}
 x - a scroll of fog {unknown}
Potions
 d - a potion of might
 h - 3 potions of brilliance {unknown}
 k - a potion of haste {unknown}
 l - 2 potions of agility {unknown}
 q - a potion of curing {unknown}
Comestibles
 f - 7 rations


   Skills:
 - Level 3.2 Fighting
 + Level 5.3 Maces & Flails
 - Level 3.2 Armour
 - Level 3.2 Shields


You had 4 spell levels left.
You didn't know any spells.
Your spell library was empty.

Dungeon Overview and Level Annotations

Branches:
Dungeon (3/15)

Altars:
Fedhas
Okawaru

Annotations:
D:3 Grinder


Innate Abilities, Weirdness & Mutations

You are resistant to torment.
Your stone body is resilient. (AC +4)
You are immune to poison.
You resist negative energy. (rN+)
You are resistant to electric shocks. (rElec)
You can survive without breathing.
You are immune to petrification.
You are immune to rotting.


Message History

You writhe in agony.
* * * LOW HITPOINT WARNING * * *
Unknown command.
You closely miss Grinder.
Grinder is heavily wounded.
Grinder rolls her eyes.
Grinder hits you but does no damage.
You hit Grinder but do no damage.
Grinder is heavily wounded.
Grinder hits you but does no damage.
Your shield and scale mail prevent you from hitting Grinder.
Grinder is heavily wounded.
You block Grinder's attack.
You closely miss Grinder.
Grinder is heavily wounded.
You block Grinder's attack.
You hit Grinder.
Grinder is heavily wounded.
Grinder barely misses you. Grinder hits you!
You die...

#########
#############.......#
#..........##.#####.#
#..........##........
#....................
#...........##...#.#.
#...........#.>......
#....5......#....#...
#...@.......#........
####'####........#.)#
#.# #.#.......... #.#
#............ ...
.#.......### ...##
##......... .....
#..#....## .....#
...........# $.....#
#.##..##....#


You could see Grinder.

Vanquished Creatures
  Robin (D:3)
  5 adders
  2 dart slugs (D:1)
  5 leopard geckos
  An orc (D:3)
  A ball python (D:3)
  2 giant cockroaches
  22 goblins
  8 hobgoblins
  6 jackals
  A quokka (D:2)
  8 bats
  5 frilled lizards
  4 kobolds
  6 rats
77 creatures vanquished.

Notes
Turn   | Place    | Note
-------+----------+-------------------------------------------
     0 | D:1      | Elellon the Gargoyle Fighter began the quest for the Orb.
     0 | D:1      | Reached XP level 1. HP: 14/14 MP: 1/1
    78 | D:1      | Reached XP level 2. HP: 15/19 MP: 2/2
   146 | D:1      | Reached skill level 3 in Maces & Flails
   364 | D:1      | Reached XP level 3. HP: 17/23 MP: 3/3
   822 | D:2      | Reached skill level 4 in Maces & Flails
   840 | D:2      | Reached XP level 4. HP: 22/28 MP: 4/4
   966 | D:2      | Found an iron altar of Okawaru.
   972 | D:2      | Became a worshipper of Warmaster Okawaru
  1059 | D:2      | Found a blossoming altar of Fedhas.
  1420 | D:3      | Noticed Robin
  1469 | D:3      | Killed Robin
  1469 | D:3      | Reached skill level 5 in Maces & Flails
  1469 | D:3      | Reached XP level 5. HP: 16/32 MP: 5/5
  2043 | D:3      | Noticed Grinder
  2051 | D:3      | Paralysed by Grinder for 3 turns
  2062 | D:3      | HP: 1/32 [Grinder (2)]
  2067 | D:3      | Slain by Grinder

Levels and vault maps discovered:
D:1:      doesnt_arrival_eight_statues, layout_loops_ring
D:2:      layout_rooms, fedhas_altar_2, okawaru_ov_weapons_minmay
D:3:      layout_basic, uniq_robin, uniq_grinder

Skill      XL: |  1  2  3  4 |
---------------+-------------+-----
Maces & Flails | 3 4 5 |  5.3
Fighting       | |  3.2
Armour         | |  3.2
Shields        | |  3.2

Action                   |  1- 3 |  4- 6 || total
-------------------------+-------+-------++-------
Melee: Flail             |   134 |   155 ||   289
  Eat: Chunk             |       |     4 ||     4
Armor: Scale mail        |    85 |    89 ||   174
Dodge: Dodged            |    48 |    48 ||    96
Block: Shield            |    96 |    80 ||   176
